 Dungeon Crawl Stone Soup version 0.31-a0-1010-g5322dac6a2 (webtiles) character file.

Game seed: 13752726971292456191

829 Armakuni the Carver (level 7, -5/49 HPs)
             Began as a Vampire Gladiator on Nov 14, 2023.
             Succumbed to a scorpion's poison
             ... on level 7 of the Dungeon on Nov 16, 2023.
             The game lasted 00:10:23 (4733 turns).

Armakuni the Carver (Vampire Gladiator)             Turns: 4733, Time: 00:10:24

Health: -5/49      AC:  5    Str: 13    XL:     7   Next: 65%
Magic:  16/16      EV: 12    Int: 11    God:
Gold:   219        SH:  0    Dex: 15    Spells: 6/6 levels left

rFire   + + .        a - +1 long sword of the Thing {heavy, rF++}
rCold   . . .        (no shield)
rNeg    . . .        b - +0 leather armour
rPois   .            c - +0 helmet
rElec   .            (no cloak)
rCorr   .            (no gloves)
SInv    +            j - +0 pair of boots
Will    .....        (no amulet)
Stlth   +            P - ring of magical power
HPRegen 0.48/turn    (no ring)
MPRegen 0.15/turn

%: no passive effects
@: lethally poisoned (-5 -> -27), healing quickly
A: alive, fangs 3, see invisible, vampiric 2, clumsy 1, sense surroundings 1,
MP-powered wands
a: Exsanguinate


You were on level 7 of the Dungeon.
You visited 2 branches of the dungeon, and saw 8 of its levels.

You collected 219 gold pieces.

Inventory:

Hand Weapons
 a - the +1 long sword of the Thing (weapon) {heavy, rF++}
   (You found it on level 5 of the Dungeon)

   rF++:      It greatly protects you from fire.
Missiles
 d - 4 throwing nets (quivered)
 e - a javelin
Armour
 b - a +0 leather armour (worn)
 c - a +0 helmet (worn)
 j - a +0 pair of boots (worn)
Jewellery
 P - a ring of magical power (left hand)
Scrolls
 g - a scroll of vulnerability {unknown}
 i - 3 scrolls of fear
 k - a scroll of immolation
 m - a scroll of teleportation
 n - a scroll of torment
 o - a scroll of amnesia {unknown}
 p - 2 scrolls of fog
 X - a scroll of brand weapon
Potions
 f - 2 potions of lignification
 h - 3 potions of curing
 l - a potion of brilliance


   Skills:
 - Level 1.7 Fighting
 + Level 9.2 Long Blades
 - Level 1.5 Throwing
 - Level 3.2 Dodging


You had 6 spell levels left.
You didn't know any spells.
Your spell library contained the following spells:

 Spells                   Type           Power      Damage    Failure   Level
 Cigotuvi's Dreadful Rot  Necr/Pois/Air  0%         N/A       56%         2
 Frozen Ramparts          Ice            0%         1d1       80%         3
 Ignite Poison            Fire/Tmut/Pois 0%         N/A       80%         3
 Manifold Assault         Tloc           0%         N/A       99%         4
 Petrify                  Tmut/Erth      0%         N/A       99%         4
 Sticky Flame             Conj/Fire      0%         2d3       99%         4
 Freezing Cloud           Conj/Ice/Air   0%         6-21      100%        5
 Metabolic Englaciation   Hex/Ice        0%         N/A       100%        5
 Dispersal                Tloc           0%         N/A       100%        6
 Disjunction              Tloc           0%         N/A       100%        8
 Ignition                 Fire           0%         3d3       100%        8


Dungeon Overview and Level Annotations

Branches:
Dungeon (7/15)             Temple (1/1) D:5

Altars:
Ashenzari
Cheibriados
Dithmenos
Fedhas
Gozag
Hepliaklqana
Kikubaaqudgha
Makhleb
Nemelex Xobeh
Okawaru
Qazlal
Ru
Sif Muna
Trog
Uskayaw
Vehumet
Wu Jian
Xom

Shops:
D:4 [


Innate Abilities, Weirdness & Mutations

Your natural rate of healing is accelerated.
You have razor-sharp teeth.
You have supernaturally acute eyesight. (SInv)
You are afflicted with vampirism and can become a bat while bloodless.
You are clumsy. (Dex -2)
You passively map a small area around you.
You expend magic power (3 MP) to strengthen your wands.


Message History

You start resting.
HP restored.
You climb upwards.
The iguana bites you. The scorpion stings you.
There is a stone staircase leading down here.
The iguana bites you! The scorpion stings you.
You are poisoned.
The scorpion poisons you!
You climb downwards.
You feel very sick.
There is a stone staircase leading up here.
You barely miss the scorpion. Your bite misses the scorpion.
You feel sick. The scorpion stings you.
The iguana bites you but does no damage.
The scorpion stings you. The iguana bites you.
You slash the scorpion!
The scorpion is heavily wounded.
You feel sick. The scorpion closely misses you.
The iguana completely misses you. The scorpion completely misses you.
You barely miss the scorpion.
The scorpion is heavily wounded.
You feel sick. The iguana completely misses you. The scorpion stings you.
* * * LOW HITPOINT WARNING * * *
You are more poisoned.
The scorpion poisons you! The iguana bites you.
* * * LOW HITPOINT WARNING * * *
You barely miss the scorpion.
You bite the scorpion, but do no damage.
The scorpion is heavily wounded.
You feel very sick. The scorpion stings you.
* * * LOW HITPOINT WARNING * * *
You are lethally poisoned!
The scorpion poisons you! The scorpion stings you.
* * * LOW HITPOINT WARNING * * *
You are more poisoned.
The scorpion poisons you! The iguana bites you.
* * * LOW HITPOINT WARNING * * *
You closely miss the scorpion.
The scorpion is heavily wounded.
You die...

* * *
* *
,, *
, , ,
* *
,* *
, **
* ,
#####
,
#...#
,,
+.l@#
#.s##
* *
### ,
, ,,
, , ,
, , *
, ,
,, ,
, , ,
,


You could see a scorpion and an iguana.

Vanquished Creatures
  Sigmund (D:2)
  An ogre (D:4)
  A phantom (D:3)
  A bullfrog (D:4)
  A scorpion (D:5)
  A gnoll bouda (D:4)
  A jelly (D:5)
  An orc priest (D:5)
  An iguana (D:4)
  2 orc wizards
  7 gnolls
  6 adders
  A worm (D:4)
  2 dart slugs
  11 orcs
  5 ball pythons
  8 endoplasms
  5 giant cockroaches
  4 goblins
  2 hobgoblins (D:1)
  2 jackals (D:2)
  5 quokkas
  3 bats
  A frilled lizard (D:2)
  10 kobolds
  4 rats
87 creatures vanquished.

Notes
Turn   | Place    | Note
-------+----------+-------------------------------------------
     0 | D:1      | Armakuni the Vampire Gladiator began the quest for the Orb.
     0 | D:1      | Reached XP level 1. HP: 16/16 MP: 1/1
   174 | D:1      | You fall into a shaft and drop 1 floor!
   189 | D:2      | Reached XP level 2. HP: 22/22 MP: 2/2
   530 | D:1      | Reached skill level 4 in Long Blades
   818 | D:2      | Gained mutation: You are afflicted with vampirism and can
                  | become a bat while bloodless. [Vampire growth]
   818 | D:2      | Reached XP level 3. HP: 24/27 MP: 3/3
  1581 | D:2      | Noticed Sigmund
  1590 | D:2      | Gained mutation: You are clumsy. (Dex -2) [potion of
                  | mutation]
  1590 | D:2      | Gained mutation: You passively map a small area around you.
                  | [potion of mutation]
  1590 | D:2      | Gained mutation: You expend magic power (3 MP) to
                  | strengthen your wands. [potion of mutation]
  1614 | D:2      | Killed Sigmund
  1615 | D:2      | Reached skill level 6 in Long Blades
  1615 | D:2      | Reached XP level 4. HP: 20/33 MP: 4/4
  1615 | D:2      | Reached XP level 5. HP: 23/38 MP: 5/5
  2704 | D:3      | Found a faded altar of an unknown god.
  2722 | D:3      | Reached XP level 6. HP: 27/44 MP: 6/6
  2838 | D:3      | Reached skill level 7 in Long Blades
  3310 | D:4      | Found a broken altar of Ashenzari.
  3311 | D:4      | Found an iron altar of Okawaru.
  3408 | D:4      | Found Vigges's Antique Armour Emporium.
  4025 | D:4      | Reached skill level 8 in Long Blades
  4025 | D:4      | Reached XP level 7. HP: 49/49 MP: 7/7
  4081 | D:5      | Entered Level 5 of the Dungeon
  4260 | D:5      | Reached skill level 9 in Long Blades
  4335 | D:5      | Identified the +1 long sword of the Thing {heavy, rF++}
  4415 | D:5      | Found a staircase to the Ecumenical Temple.
  4421 | Temple   | Entered the Ecumenical Temple
  4422 | Temple   | Upgraded the game from 0.31-a0-1009-g454b1f1e0a to
                  | 0.31-a0-1010-g5322dac6a2
  4732 | D:7      | HP: 1/49 [iguana (3)]
  4733 | D:7      | Succumbed to a scorpion's poison

Illustrated notes

Levels and vault maps discovered:
D:1:      tarquinn_simple_flora_water_a, layout_loops_ring
D:2:      layout_basic, uniq_sigmund
D:3:      layout_basic, hellmonk_ecumenical_altar_leap_of_faith
D:4:      layout_rooms, nicolae_overflow_squiral, serial_shops,
          nicolae_shop_rolling_square
D:5:      layout_cave_pools, temple_statues, minmay_hedge_maze
D:6:      layout_cave_pools, serial_shops, shop, nicolae_shop_crystal, shop,
          eino_curves_01, grunt_ministairs_1, uniq_maggie
D:7:      layout_gridville, serial_shops, nicolae_shop_stone, minivault_26
Temple:   dpeg_five_rooms_temple

Skill      XL: |  1  2  3  4  5  6  7 |
---------------+----------------------+-----
Long Blades    | 4 6 8 9 |  9.2
Fighting       | |  1.7
Throwing       | |  1.5
Dodging        | |  3.2

Action                     |  1- 3 |  4- 6 |  7- 9 || total
---------------------------+-------+-------+-------++-------
  Melee: Long sword        |   105 |   164 |    63 ||   332
         Bite              |    10 |    13 |     5 ||    28
         Punch             |     1 |     4 |       ||     5
  Throw: Throwing net      |     2 |     2 |       ||     4
    Use: Potion            |     6 |     3 |     1 ||    10
         Scroll            |       |     4 |     3 ||     7
   Stab: Held in net/web   |     1 |     1 |       ||     2
         Sleeping          |     1 |       |       ||     1
 Armour: Leather armour    |    43 |    93 |    60 ||   196
         Skin              |    14 |    16 |    15 ||    45
  Dodge: Dodged            |    68 |    87 |    46 ||   201

Table legend: (Time is in decaauts)
 A = Elapsed time spent in this place.
 B = Non-inter-level travel time spent in this place.
 C = Inter-level travel time spent in this place.
 D = Time resting spent in this place.
 E = Time spent auto-exploring this place.
 F = Levels seen in this place.
 G = Mean time per level.
                   A        B        C        D        E       F      G
               +--------+--------+--------+--------+--------+-----+--------+
         Total |   4773 |   4340 |    433 |    264 |   2928 |   8 |  596.6 |
       Dungeon |   4759 |   4326 |    433 |    264 |   2928 |   7 |  679.9 |
        Temple |     13 |     13 |      0 |      0 |      0 |   1 |   13.0 |
               +--------+--------+--------+--------+--------+-----+--------+

Top non-repeatable levels by time:
     D:2: 1483 daAuts
     D:3: 1147 daAuts
     D:4: 879 daAuts
     D:1: 700 daAuts
     D:5: 461 daAuts
     D:7: 78 daAuts
  Temple: 13 daAuts
     D:6: 10 daAuts
